 Dungeon Crawl Stone Soup version 0.32-a0-981-g384da2ce10 (webtiles) character file.

Game seed: 15385778059356431343

618163 ragingrage the Spry (level 25, -14/223 (224) HPs)
             Began as a Demigod Wanderer on Apr 20, 2024.
             Demolished by Xacsiq the pandemonium lord (52 damage)
             ... on level 5 of the Realm of Zot on Apr 21, 2024.
             The game lasted 01:50:52 (65874 turns).

ragingrage the Spry (Demigod Wanderer)             Turns: 65874, Time: 01:50:52

HP:   -14/223 (224) AC: 18    Str: 33    XL:     25   Next: 63%
MP:   33/33         EV: 15    Int: 15    God:
Gold: 8984          SH:  0    Dex: 26    Spells: 18/32 levels left

rFire   . . .        a - +9 quick blade (spect)
rCold   + + .        O - +3 kite shield {reflect}
rNeg    + . .        I - melded +0 steam dragon scales
rPois   +            b - -2 hat of the Alchemist {rElec rPois rF+ rC+ rN+ Will+ rMut rCorr}
rElec   +            s - +2 cloak {Will+}
rCorr   +            j - +3 pair of gauntlets of War {Slay+5}
SInv    .            H - +2 pair of boots {rampage}
Will    +++++        p - amulet of the Genius {Faith rElec Regen+ Str+5 Dex-3}
Stlth   ++           C - +4 ring of protection
HPRegen 2.17/turn    P - ring of Tender Moments {rC+ Will+ AC+4}
MPRegen 0.23/turn

%: reflection, resist mutation, rampage, faith
@: maw-form, flying, held, hasted, studying 2 skills, lightly drained, very
quick
A: devouring maw, high MP 1, forlorn, divine attributes, iridescent scales 1,
regeneration 1, heat vulnerability 1, persistent drain
0: Orb of Zot
}: 3/15 runes: barnacled, silver, gossamer
a: Begin Untransformation


You were on level 5 of the Realm of Zot.
You were a creature with a mouth for a stomach.
You visited 10 branches of the dungeon, and saw 48 of its levels.
You also visited: Trove, Gauntlet, Ice Cave, Volcano and Wizlab.

You collected 12621 gold pieces.
You spent 3637 gold pieces at shops.

Inventory:

Hand Weapons
 a - a +9 spectral quick blade (weapon)
Missiles
 n - a throwing net
 q - 6 curare-tipped darts (quivered)
 N - 24 javelins
 R - 72 boomerangs
Armour
 b - the -2 hat of the Alchemist (worn) {rElec rPois rF+ rC+ rN+ Will+ rMut rCorr}
   (You found it on level 4 of the Shoals)

   rF+:       It protects you from fire.
   rC+:       It protects you from cold.
   rElec:     It insulates you from electricity.
   rPois:     It protects you from poison.
   rN+:       It protects you from negative energy.
   Will+:     It increases your willpower.
   rCorr:     It protects you from acid and corrosion.
   rMut:      It protects you from mutation.
 j - the +3 pair of gauntlets of War (worn) {Slay+5}
   (You acquired it on level 15 of the Dungeon)

   Slay+5:    It affects your accuracy & damage with ranged weapons and melee
   (+5).
 s - a +2 cloak of willpower (worn)
 H - a +2 pair of boots of rampaging (worn)
 I - +0 steam dragon scales (melded)
 O - a +3 kite shield of reflection (worn)
 Y - a +1 cloak of willpower
Jewellery
 p - the amulet of the Genius (around neck) {Faith rElec Regen+ Str+5 Dex-3}
   (You took it off a hell knight on level 14 of the Dungeon)

   [amulet of faith]

   Faith:     It allows you to gain divine favour quickly.
   Str+5:     It affects your strength (+5).
   Dex-3:     It affects your dexterity (-3).
   rElec:     It insulates you from electricity.
   Regen+:    It increases your rate of health regeneration.
 w - a ring of see invisible
 A - the ring of the Caustic God {*Slow rPois Str+5 Dex+6}
   (You took it off an orc on level 5 of the Vaults)

   [ring of dexterity]

   Str+5:     It affects your strength (+5).
   Dex+6:     It affects your dexterity (+6).
   rPois:     It protects you from poison.
   *Slow:     It may slow you when you take damage.
 C - a +4 ring of protection (left hand)
 P - the ring of Tender Moments (right hand) {rC+ Will+ AC+4}
   (You bought it in a shop on level 1 of the Depths)

   [ring of protection]

   AC+4:      It affects your AC (+4).
   rC+:       It protects you from cold.
   Will+:     It increases your willpower.
Wands
 v - a wand of light (35)
 B - a wand of digging (28)
 D - a wand of iceblast (34)
 M - a wand of charming (48)
Scrolls
 k - 3 scrolls of silence
 o - 8 scrolls of noise
 u - 3 scrolls of summoning
 x - 18 scrolls of teleportation
 y - 16 scrolls of poison
 F - 16 scrolls of fog
 J - 7 scrolls of blinking
 L - 9 scrolls of immolation
 Q - 11 scrolls of vulnerability
 T - 2 scrolls of torment
 U - 9 scrolls of fear
 W - 3 scrolls of revelation
Potions
 c - 6 potions of heal wounds
 e - 12 potions of mutation
 f - 6 potions of resistance
 g - 3 potions of invisibility
 h - 5 potions of ambrosia
 l - 8 potions of lignification
 m - 10 potions of might
 t - a potion of berserk rage
 z - 5 potions of attraction
 E - 15 potions of curing
 G - 9 potions of haste
 S - 8 potions of cancellation
 X - 3 potions of brilliance
 Z - 6 potions of enlightenment
Miscellaneous
 d - a lightning rod (4/4)
 i - a sack of spiders (inert)
 r - a phantom mirror (inert)
 K - a phial of floods
 V - a tin of tremorstones (2/2)


   Skills:
 - Level 18.0 Fighting
 - Level 14.0 Short Blades
 - Level 6.1 Maces & Flails
 - Level 10.6 Throwing
 - Level 5.5 Armour
 - Level 20.0 Dodging
 - Level 12.0 Stealth
 - Level 15.0 Shields
 - Level 4.0 Spellcasting
 - Level 7.0 Hexes
 - Level 10.0 Necromancy
 - Level 3.0 Translocations
 - Level 7.0 Earth Magic
 - Level 14.0 Evocations
 + Level 18.0 Shapeshifting


You had 18 spell levels left.
You knew the following spells:

 Your Spells              Type           Power      Damage    Failure   Level
a - Fugue of the Fallen   Necr           33%        N/A       1%          3
b - Tukima's Dance        Hex            24%        N/A       4%          3
c - Passwall              Erth           24%        N/A       4%          3
d - Slow                  Hex            96%        N/A       1%          1
e - Blink                 Tloc           24%        N/A       11%         2
f - Jinxbite              Hex            48%        N/A       1%          2

Your spell library contained the following spells:

 Spells                   Type           Power      Damage    Failure   Level
 Necrotise                Necr           100%       1d9       1%          1
 Sandblast                Erth           48%        2d12      1%          1
 Sublimation of Blood     Necr           33%        N/A       1%          2
 Kiss of Death            Conj/Necr      72%        2d10      3%          1
 Dispel Undead            Necr           33%        3d14      3%          4
 Sigil of Binding         Hex            24%        N/A       4%          3
 Apportation              Tloc           24%        N/A       7%          1
 Anguish                  Hex/Necr       14%        N/A       7%          4
 Ensorcelled Hibernation  Hex/Ice        26%        N/A       9%          2
 Cigotuvi's Dreadful Rot  Necr/Alch/Air  24%        N/A       10%         2
 Lesser Beckoning         Tloc           24%        N/A       11%         2
 Curse of Agony           Necr           33%        N/A       11%         5
 Inner Flame              Hex/Fire       13%        N/A       17%         3
 Stone Arrow              Conj/Erth      26%        3d8       17%         3
 Momentum Strike          Conj/Tloc      14%        3d8       19%         2
 Maxwell's Portable Pile  Tloc           12%        2d(6-17)  21%         3
 Teleport Other           Tloc           12%        N/A       21%         3
 Freeze                   Ice            12%        1d3       24%         1
 Magic Dart               Conj           12%        1d3       24%         1
 Shock                    Conj/Air       12%        1d3       24%         1
 Sting                    Conj/Alch      12%        1d3       24%         1
 Summon Small Mammal      Summ           12%        N/A       24%         1
 Dimensional Bullseye     Hex/Tloc       9%         N/A       30%         4
 Martyr's Knell           Necr/Summ      18%        N/A       30%         4
 Call Imp                 Summ           6%         N/A       34%         2
 Mercury Vapours          Alch/Air       6%         N/A       34%         2
 Scorch                   Fire           6%         2d5       34%         2
 Searing Ray              Conj           6%         2d4       34%         2
 Volatile Blastmotes      Fire/Tloc      14%        2d11      36%         3
 Lee's Rapid Deconstruct  Erth           12%        3d8*      36%         5
 Brom's Barrelling Bould  Conj/Erth      13%        2d4       50%         4
 Leda's Liquefaction      Alch/Erth      6%         N/A       50%         4
 Petrify                  Alch/Erth      13%        N/A       50%         4
 Call Canine Familiar     Summ           3%         N/A       56%         3
 Frozen Ramparts          Ice            6%         1d1       56%         3
 Hailstorm                Conj/Ice       3%         3d5       56%         3
 Mephitic Cloud           Conj/Alch/Air  3%         N/A       56%         3
 Ozocubu's Armour         Ice            3%         N/A       56%         3
 Summon Ice Beast         Ice/Summ       3%         N/A       56%         3
 Iskenderun's Mystic Bla Conj/Tloc 7%             2d4        (+2d1     77%         4
 Vhi's Electric Charge    Tloc/Air       14%        N/A       77%         4
 Metabolic Englaciation   Hex/Ice        6%         N/A       83%         5
 Silence                  Hex/Air        6%         N/A       83%         5
 Summon Mana Viper        Hex/Summ       13%        N/A       83%         5
 Yara's Violent Unravell  Hex/Alch       6%         3d5       83%         5
 Flame Wave               Conj/Fire      3%         2d5       93%         4
 Fulminant Prism          Conj/Alch      1%         3d5       93%         4
 Summon Blazeheart Golem  Fire/Summ      3%         N/A       93%         4
 Summon Lightning Spire   Summ/Air       3%         N/A       93%         4
 Summon Forest            Summ/Tloc      3%         N/A       98%         5
 Alistair's Intoxication  Alch           2%         N/A       100%        5
 Arcjolt                  Conj/Air       1%         1d11      100%        5
 Freezing Cloud           Conj/Ice/Air   1%         6-21      100%        5
 Irradiate                Conj/Alch      1%         3d12      100%        5
 Iskenderun's Battlesphe  Conj           3%         2d6       100%        5
 Bombard                  Conj/Erth      6%         9d2       100%        6
 Permafrost Eruption      Ice/Erth       6%         2x4d3     100%        6
 Sculpt Simulacrum        Ice/Alch       1%         N/A       100%        6
 Starburst                Conj/Fire      1%         6d3       100%        6
 Summon Cactus Giant      Summ           1%         N/A       100%        6
 Enfeeble                 Hex            12%        N/A       100%        7
 Magnavolt                Erth/Air       6%         3d10      100%        7
 Malign Gateway           Summ/Tloc      3%         N/A       100%        7
 Manifold Assault         Tloc           6%         N/A       100%        7
 Monstrous Menagerie      Summ           1%         N/A       100%        7
 Orb of Destruction       Conj           1%         9d5       100%        7
 Ozocubu's Refrigeration  Ice            1%         4d7       100%        7
 Rimeblight               Ice/Necr       9%         2d4       (prima100%   7
 Spellforged Servitor     Conj/Summ      1%         N/A       100%        7
 Fulsome Fusillade        Conj/Alch      1%         (3-5)d4   100%        8
 Ignition                 Fire           1%         3d3       100%        8
 Lehudib's Crystal Spear  Conj/Erth      6%         10d3      100%        8
 Maxwell's Capacitive Co  Air            1%         ∞         100%        8
 Summon Horrible Things   Summ           1%         N/A       100%        8
 Chain Lightning          Conj/Air       1%         3d2       100%        9
 Fire Storm               Conj/Fire      1%         8d1       100%        9
 Polar Vortex             Ice            1%         N/A       100%        9
 Shatter                  Erth           12%        3d13*     100%        9


Dungeon Overview and Level Annotations

Branches:
Dungeon (15/15)            Temple (1/1) D:6            Lair (5/5) D:8
 Shoals (4/4) Lair:2       Spider (4/4) Lair:3        Slime (0/5) Lair:4
    Orc (2/2) D:12            Elf (3/3) Orc:2        Vaults (5/5) D:14
  Crypt (0/3) Vaults:2     Depths (4/4) D:15            Zot (5/5) Depths:4
  IceCv (visited)         Volcano (visited)          WizLab (visited)
Gauntlet (visited)

Shops:
D:1 ?   D:14 :*   Orc:2 **=[   Elf:3 *:*   Shoals:1 !   Shoals:2 (   Vaults:1 *
Vaults:4 (   Zot:5 *   Depths:1 :=:

Portals:
Hell: Depths:1 Depths:2 Depths:3 Depths:4
Abyss: Depths:3
Pandemonium: Depths:2
Ziggurat: Depths:4

Annotations:
D:3 Dowan, Duvessa
D:6 exclusion: 2 downstairs
D:8 1 transporter, exclusion: downstairs, MrSquiggles's ghost, novice GrFi
D:10 1 runed translucent door, AwFulAwFulPlayer's ghost, novice DsFi
Lair:1 1 runed translucent door, spaghetti's ghost, journeyman NaCK
Shoals:1 exclusion: downstairs, Nikola
Shoals:2 exclusion: downstairs
Shoals:3 3 runed translucent doors, Hicvu's ghost, adept DsGl
Spider:1 2 transporters, Seadyr's ghost, adept MDFi
Elf:2 3 runed translucent doors
Vaults:2 2 transporters, 2 runed translucent doors, exclusion: obsidian statue, Plog's ghost, veteran CoAr
Zot:1 1 transporter
Zot:5 1 exclusion


Innate Abilities, Weirdness & Mutations

You are a creature with a mouth for a stomach.
Your midsection houses a second, enormous mouth.
You have an increased reservoir of magic. (+10% MP)
You shall have no god before yourself.
Your divine heritage dramatically boosts your attributes as you level up.
You are partially covered in iridescent scales. (AC +2)
Your natural rate of healing is unusually fast.
You are vulnerable to heat. (rF-)
Your health recovers twice as slowly from being drained.


Message History

You puncture Xacsiq! Your bite misses Xacsiq. You miss Xacsiq.
Your bite misses Xacsiq.
Your +9 spectral quick blade completely misses Xacsiq. x2
You are engulfed in freezing vapours.
You resist. The Orb Guardian drops a net on you.
You become entangled in the net!
An Orb Guardian comes into view.
The lich is engulfed in freezing vapours.
The lich closely misses your +9 spectral quick blade.
Xacsiq hits you!!! Xacsiq freezes you.
You struggle against the net.
Your +9 spectral quick blade disappears.
You are engulfed in freezing vapours.
You resist.
The lich is engulfed in freezing vapours.
Xacsiq hits you! Xacsiq freezes you. The lich touches you.
You partially resist.
You feel drained.
You tear a large gash into the net.
You are engulfed in freezing vapours.
You resist. Xacsiq hits you but does no damage. The lich touches you.
Xacsiq hits you!!!
* * * LOW HITPOINT WARNING * * *
Xacsiq freezes you.
* * * LOW HITPOINT WARNING * * *
You feel yourself speed up.
You are engulfed in freezing vapours.
You resist.
* * * LOW HITPOINT WARNING * * *
The lich touches you but does no damage.
Xacsiq hits you!!!
* * * LOW HITPOINT WARNING * * *
Xacsiq freezes you.
* * * LOW HITPOINT WARNING * * *
The lich barely misses you.
You feel much better.
You are engulfed in freezing vapours.
You resist.
* * * LOW HITPOINT WARNING * * *
Xacsiq hits you.
* * * LOW HITPOINT WARNING * * *
The lich touches you.
* * * LOW HITPOINT WARNING * * *
You feel much better.
You are engulfed in freezing vapours.
You resist.
* * * LOW HITPOINT WARNING * * *
Xacsiq hits you but does no damage. Xacsiq hits you!!!
You die...

▓▓▓▓▓▓▓▓▓▓▓ ** ▓▓▓▓..........
,*** ▓▓▓.......^..... ^,,**
▓▓............... ,,,,* ▓▓▓▓▓▓▓▓▓
▓................
,,,,*▓▓.......▓▓▓................
,,,,▓▓.........▓▓................
,,,.▓......^....▓................
,,,............XWL○..............
,,,.▓.^..^......▓&○..............
,,,,▓▓.........▓▓○☼..............
,,,,*▓▓.^.....▓▓▓.....^......^..(
,,,,* ▓▓▓▓▓▓▓▓▓ #..........^...:.
,,,** ##......^........ ,***
##▓............. **
▓▓▓▓....^..... ▓▓#
#▓▓▓▓▓▓▓▓▓▓▓##.


You could see Xacsiq (clouds), an Orb Guardian and a lich (fast).

Vanquished Creatures
  A dread lich (Zot:5)
  5 orbs of fire
  An ancient lich (Zot:5)
  3 juggernauts
  6 Killer Klowns
  Bai Suzhen (Spider:4)
  5 caustic shrikes
  2 curse toes
  Norris (Elf:2)
  8 golden dragons
  A bone dragon (Depths:4)
  An electric golem (Zot:5)
  23 tentacled monstrosities
  An Ice Fiend (IceCv)
  4 liches
  3 titans
  2 walking crystal tomes (Depths:3)
  21 Orb Guardians
  12 quicksilver dragons
  3 deep elf master archers (Elf:3)
  A walking frostbound tome (Depths:3)
  5 deep elf blademasters
  A walking earthen tome (Depths:3)
  9 sphinxes
  Polyphemus (Shoals:4)
  2 walking divine tomes (Depths:3)
  12 storm dragons
  Agnes (Spider:3)
  5 death cobs
  12 shadow dragons
  9 tengu reavers
  Donald (Orc:2)
  Aizul (Elf:1)
  7 draconian shifters
  11 fire giants
  8 draconian scorchers
  4 draconian knights
  5 protean progenitors
  4 iron dragons
  7 frost giants
  5 ghost moths
  4 emperor scorpions
  3 deep elf elementalists
  6 deep elf sorcerers
  18 vault wardens
  9 draconian monks
  A balrug (Gauntlet)
  Louise (D:15)
  2 orc warlords (Orc:2)
  15 very ugly things
  5 draconian stormcallers
  5 draconian annihilators (Zot:1)
  2 formless jellyfish
  26 ironbound preservers
  2 spriggan defenders (Depths:2)
  15 stone giants
  3 vampire knights
  A broodmother (Spider:2)
  7 ironbound thunderhulks
  10 black draconians
  4 deep elf death magi
  4 green draconians
  4 deep elf demonologists
  A demonspawn black sun (Zot:3)
  7 yellow draconians
  5 dire elephants
  6 red draconians
  A war gargoyle (Vaults:4)
  10 deep elf annihilators
  18 purple draconians
  18 ettins
  8 white draconians
  A minotaur (Gauntlet)
  7 statues (WizLab)
  12 fire dragons
  19 spark wasps
  A crystal guardian (Vaults:4)
  Josephine (D:13)
  7 entropy weavers
  9 merfolk impalers
  5 merfolk javelineers
  Fannar (D:10)
  A caustic shrike simulacrum (IceCv)
  3 deep elf high priests
  4 rakshasas
  13 yaktaur captains
  4 ice dragons
  9 great orbs of eyes
  6 spriggan air magi
  29 vault guards
  A catoblepas (Shoals:4)
  3 alligator snapping turtles
  9 hydras
  4 peacekeepers
  10 ironbound frosthearts
  9 radroaches
  3 jorogumos
  11 centaur warriors
  5 deep troll shamans
  An alligator (Zot:5)
  5 merfolk avatars
  22 dancing weapons
  An ogre mage (Vaults:5)
  2 death yaks (Shoals:4)
  2 death knights
  10 merfolk aquamancers
  5 boulder beetles
  5 tengu warriors
  A two-headed ogre (D:14)
  Urug (D:12)
  9 death scarabs (Spider:4)
  7 demonic crawlers
  4 orc high priests (Orc:2)
  A hell hog (Lair:5)
  6 spriggan berserkers
  An occultist (Depths:1)
  6 deep troll earth magi
  A spectral emperor scorpion (Spider:4)
  A vampire mage (Depths:4)
  A skeletal warrior (D:15)
  15 deep elf knights
  15 hell knights
  A shock serpent (shapeshifter) (Vaults:5)
  2 pharaoh ants (Spider:4)
  6 skysharks
  15 deep elf archers
  2 shadow wraiths (Depths:1)
  3 iron trolls
  2 glowing orange brains (Depths:3)
  4 flayed ghosts
  An orange crystal statue (Zot:4)
  8 sea snakes
  62 deep trolls
  A swamp dragon (shapeshifter) (Vaults:5)
  11 spriggan simulacra
  A snapping turtle (shapeshifter) (Vaults:5)
  5 arcanists
  2 obsidian statues
  A bog body (IceCv)
  4 orb spiders
  A sea snake (shapeshifter) (D:14)
  6 lindwurms
  14 ironbound convokers
  Pikel (D:4)
  29 deep elf pyromancers
  10 phantasmal warriors
  A spectral wolf spider (Spider:4)
  8 orc knights
  3 obsidian bats
  35 deep elf zephyrmancers
  8 necromancers
  A broodmother zombie (Spider:4)
  5 steelbarb worms
  2 lightning spires (Zot:4)
  14 harpies
  9 thermic dynamos
  A fire giant zombie (Depths:1)
  A tengu skeleton (Depths:1)
  20 wolf spiders
  4 cyclopes
  A stone giant zombie (Depths:1)
  A frost giant zombie (Vaults:3)
  A salamander (shapeshifter) (D:12)
  A sphinx simulacrum (Vaults:3)
  6 fauns
  5 oklob plants (Zot:4)
  6 orc sorcerers
  18 ugly things
  20 moths of wrath
  12 elephants
  A moth of wrath (shapeshifter) (Depths:3)
  6 meliai
  10 merfolk sirens
  13 manticores
  A frost giant skeleton (Vaults:3)
  47 slime creatures
  5 kobold blastminers
  9 torpor snails
  8 water nymphs
  6 black mambas
  A molten gargoyle (Volcano)
  2 water nymphs (shapeshifter) (Vaults:5)
  16 vault sentinels
  2 unseen horrors
  2 torpor snails (shapeshifter) (Vaults:5)
  5 cane toads
  2 spectral redbacks (Spider:4)
  3 gargoyles
  A yaktaur zombie (Vaults:3)
  A yaktaur (shapeshifter) (Vaults:5)
  42 yaktaurs
  2 rime drakes
  5 freezing wraiths
  20 tengu conjurers
  10 komodo dragons
  A kobold demonologist (D:12)
  A redback zombie (Spider:4)
  A merfolk (shapeshifter) (Depths:2)
  9 ice devils (IceCv)
  5 harpy zombies (Shoals:2)
  A golden dragon simulacrum (IceCv)
  19 merfolk
  10 hornets
  9 wind drakes
  4 trolls
  26 jumping spiders
  Prince Ribbit (D:7)
  4 alligator simulacra
  3 glass eyes
  4 tyrant leeches (Lair:5)
  A tarantella (shapeshifter) (D:13)
  3 human skeletons (Vaults:3)
  Grinder (D:3)
  14 polar bears
  A tarantella zombie (Spider:4)
  7 blink frogs
  2 raiju (Lair:5)
  2 spectral tarantellas (Spider:4)
  26 tarantellas
  A culicivora zombie (Spider:4)
  A glass eye (shapeshifter) (Vaults:5)
  2 spectral culicivoras (Spider:4)
  2 jumping spider zombies (Spider:4)
  6 snapping turtles
  3 dream sheep (D:9)
  A spectral jumping spider (Spider:4)
  A spriggan zombie (Depths:1)
  A frost giant simulacrum (Vaults:3)
  17 culicivoras
  A culicivora (shapeshifter) (Vaults:5)
  5 air elementals
  3 spriggans
  50 yaks
  8 wraiths
  39 water elementals
  4 vampires
  11 wargs
  7 basilisks
  7 shadows
  A human (D:14)
  6 wyverns
  40 redbacks
  A fire bat (Volcano)
  3 steam dragons
  2 fire elementals (Elf:1)
  A vampire mosquito (D:14)
  10 minotaur simulacra
  A neqoxec (D:4)
  Menkaure (D:4)
  A harpy simulacrum (IceCv)
  3 swamp worms (Gauntlet)
  14 water moccasins
  13 hell hounds
  A naga (Orc:2)
  2 two-headed ogre zombies (D:12)
  13 black bears
  54 orc warriors
  A sky beast (D:8)
  8 ogres
  7 ice beasts (D:8)
  An ettin simulacrum (IceCv)
  A manticore zombie (Shoals:2)
  19 wolves
  4 lemures
  20 centaurs
  4 phantoms
  A kobold brigand (D:6)
  11 bullfrogs
  2 gnoll sergeants
  11 deep troll simulacra
  7 earth elementals
  A scorpion (D:5)
  5 wights
  8 killer bees
  3 lindwurm simulacra
  A troll zombie (D:12)
  4 howler monkeys
  4 lava snakes (Volcano)
  3 crimson imps
  5 hounds
  A bombardier beetle (D:4)
  Crazy Yiuf (D:4)
  A gnoll bouda (D:9)
  30 orc priests
  An iguana (D:6)
  Terence (D:3)
  20 orc wizards
  5 ogre zombies (D:12)
  10 gnolls
  7 adders
  A shadow imp (D:8)
  2 white imps
  2 ufetubi (D:6)
  7 dart slugs
  A ribbon worm (D:4)
  93 orcs
  2 bats
  10 endoplasms
  5 giant cockroaches
  11 hobgoblins
  3 jackals (D:2)
  3 quokkas
  3 ball pythons
  2 frilled lizards
  6 gnoll skeletons (D:12)
  2 gnoll zombies (D:12)
  16 goblins
  8 kobolds
  3 orc skeletons (D:12)
  14 orc zombies (D:12)
  6 rats
  2 aspiring fleshes
2242 creatures vanquished.

Vanquished Creatures (collateral kills)
  A yellow draconian (Zot:1)
  A yaktaur captain (Vaults:5)
  2 vault guards (Vaults:5)
  A vault sentinel (Vaults:5)
5 creatures vanquished.

Vanquished Creatures (others)
  A storm dragon (Depths:3)
  A fire giant (D:14)
  A demonspawn black sun (Zot:3)
  An occultist (D:14)
  A dancing weapon (D:9)
  A yaktaur (Vaults:5)
  A water elemental (Shoals:4)
  An orc warrior (Orc:2)
  An orc priest (Orc:2)
  An orc wizard (D:6)
  80 spectral weapons
90 creatures vanquished.

Grand Total: 2337 creatures vanquished

Notes
Turn   | Place    | Note
-------+----------+-------------------------------------------
     0 | D:1      | ragingrage the Demigod Wanderer began the quest for the
                  | Orb.
     0 | D:1      | ragingrage set off with the following items: a +0 dagger, a
                  | +0 scale mail, a potion of berserk rage, a lightning rod
                  | (4/4); and the following spell memorised: Slow; and the
                  | following spells available to memorise: Tukima's Dance.
     0 | D:1      | Reached XP level 1. HP: 14/14 MP: 4/4
   498 | D:1      | Reached XP level 2. HP: 17/20 MP: 5/5
   875 | D:1      | Found Yghocukh's Magic Scroll Shoppe.
   888 | D:1      | Bought a scroll of teleportation for 36 gold pieces
  1316 | D:2      | Identified the amulet "Uletaa" {Reflect rCorr SH+5 SInv}
  1372 | D:2      | Reached XP level 3. HP: 27/27 MP: 6/6
  1480 | D:2      | Reached skill level 1 in Fighting
  1555 | D:2      | Reached skill level 1 in Short Blades
  1898 | D:2      | Learned a level 3 spell: Tukima's Dance
  2203 | D:3      | Noticed Terence
  2422 | D:4      | Noticed a lemure
  2422 | D:4      | Noticed a lemure
  2482 | D:3      | Reached XP level 4. HP: 24/35 MP: 4/8
  2588 | D:3      | Noticed Grinder
  2589 | D:3      | Paralysed by Grinder for 3 turns
  2625 | D:3      | Killed Grinder
  2626 | D:3      | Reached XP level 5. HP: 38/41 MP: 9/9
  2764 | D:4      | Noticed Duvessa
  2946 | D:3      | Killed Terence
  3148 | D:4      | Noticed Pikel
  3149 | D:4      | Noticed Dowan
  3268 | D:3      | Reached XP level 6. HP: 44/48 MP: 6/10
  3309 | D:3      | Reached skill level 1 in Shapeshifting
  3846 | D:4      | Noticed Menkaure
  3848 | D:4      | Killed Menkaure
  3849 | D:4      | Reached skill level 5 in Short Blades
  4893 | D:4      | a crimson imp changed into a neqoxec
  4893 | D:4      | Noticed a neqoxec
  4900 | D:4      | Killed a neqoxec
  5124 | D:4      | Reached XP level 7. HP: 55/55 MP: 11/11
  5551 | D:4      | Killed Pikel
  5596 | D:4      | Found a runed translucent door.
  5597 | D:4      | Noticed Crazy Yiuf
  5797 | D:4      | Killed Crazy Yiuf
  5829 | D:5      | Entered Level 5 of the Dungeon
  5837 | D:4      | Reached XP level 8. HP: 61/61 MP: 12/12
  6681 | D:6      | Got the Exposition on the Crystalline Atmosphere
  6698 | D:6      | Learned a level 3 spell: Passwall
  7247 | D:6      | Found a staircase to the Ecumenical Temple.
  7253 | Temple   | Entered the Ecumenical Temple
  7413 | D:7      | Reached XP level 9. HP: 67/67 MP: 13/13
  7440 | D:6      | Reached skill level 5 in Shapeshifting
  7554 | D:7      | Noticed Prince Ribbit
  8147 | D:7      | Killed Prince Ribbit
  8249 | D:7      | Identified the +0 robe of Toeten {Dex+7}
  8404 | D:7      | Noticed a gargoyle
  8531 | D:7      | Reached skill level 10 in Short Blades
  8715 | D:8      | Noticed a rime drake
  8766 | D:8      | Killed a rime drake
  9228 | D:8      | Reached XP level 10. HP: 70/73 MP: 11/14
  9560 | D:8      | Identified the ring "Jiaqib" {Fire rElec rCorr Str+5}
  9568 | D:8      | Noticed MrSquiggles's ghost (novice GrFi)
  9620 | D:8      | Found the +0 cloak of the Thief {Quiet Slay-3 SInv Stlth+}
  9747 | D:8      | Found a staircase to the Lair.
  9837 | D:8      | Found a transporter.
 10573 | D:9      | Reached skill level 10 in Shapeshifting
 10577 | D:9      | Reached skill level 1 in Dodging
 10778 | D:10     | Entered Level 10 of the Dungeon
 10915 | D:10     | Reached skill level 2 in Dodging
 10987 | D:10     | Noticed Fannar
 11143 | D:10     | Learned a level 2 spell: Jinxbite
 11467 | D:10     | Found a runed translucent door.
 11469 | D:10     | Noticed a +0 flail of chaos
 11469 | D:10     | Noticed AwFulAwFulPlayer's ghost (novice DsFi)
 11472 | D:10     | Killed Fannar
 11473 | D:10     | Reached skill level 1 in Shields
 11831 | D:11     | Reached skill level 3 in Dodging
 11831 | D:11     | Reached XP level 11. HP: 70/83 MP: 15/15
 11974 | D:11     | Found a portal to a secret trove of treasure.
 12548 | D:11     | Noticed a boulder beetle
 12575 | D:11     | Killed a boulder beetle
 12830 | Lair:1   | Entered Level 1 of the Lair of Beasts
 12986 | Lair:1   | Found a runed translucent door.
 13053 | Lair:1   | Learned a level 2 spell: Blink
 13056 | Lair:1   | Reached skill level 4 in Dodging
 13391 | Lair:1   | Reached skill level 1 in Translocations
 13725 | Lair:1   | Noticed spaghetti's ghost (journeyman NaCK)
 13939 | Lair:2   | Reached skill level 5 in Fighting
 14321 | Lair:2   | Found a staircase to the Shoals.
 14326 | Lair:2   | Reached skill level 5 in Hexes
 14611 | Lair:2   | Reached skill level 5 in Dodging
 15016 | Lair:2   | Identified the +5 long sword "Xonorira" {spect, Will+ Int+3
                  | SInv}
 15366 | Lair:3   | Reached XP level 12. HP: 96/96 MP: 14/16
 15398 | Lair:3   | Reached skill level 6 in Dodging
 15634 | Lair:3   | Reached skill level 1 in Earth Magic
 15865 | Lair:3   | Reached skill level 7 in Dodging
 15940 | Lair:3   | You fall into a shaft and drop 2 floors!
 15940 | Lair:5   | Entered Level 5 of the Lair of Beasts
 15953 | Lair:5   | Noticed a five-headed hydra
 15955 | Lair:5   | Noticed a boulder beetle
 15962 | Lair:5   | Killed a five-headed hydra
 15973 | Lair:5   | Killed a boulder beetle
 16161 | Lair:5   | Noticed a six-headed hydra
 16180 | Lair:5   | Killed a six-headed hydra
 16208 | Lair:5   | Noticed a five-headed hydra
 16221 | Lair:5   | Killed a five-headed hydra
 16326 | Lair:5   | Found a dark tunnel.
 16349 | Volcano  | Entered a volcano
 16595 | Volcano  | Noticed a centaur warrior
 16606 | Volcano  | Killed a centaur warrior
 16607 | Volcano  | Reached skill level 8 in Dodging
 16811 | Volcano  | Reached XP level 13. HP: 65/108 MP: 15/19
 17375 | Lair:5   | Reached skill level 9 in Dodging
 17764 | Lair:5   | Reached skill level 10 in Fighting
 17860 | Lair:5   | Reached skill level 10 in Dodging
 17964 | Lair:5   | Identified the maw talisman "Tesam" {Fly rCorr}
 18602 | Lair:5   | Reached skill level 5 in Evocations
 18732 | Lair:5   | Identified the serpent talisman "Xilicuekk" {Int+2 Stlth+}
 19374 | Lair:4   | Reached skill level 5 in Shields
 19390 | Lair:4   | Found a staircase to the Slime Pits.
 20219 | Lair:3   | Found a hole to the Spider Nest.
 21172 | D:12     | Noticed Urug
 21187 | D:12     | Killed Urug
 21797 | D:12     | Reached XP level 14. HP: 113/122 MP: 20/20
 21838 | D:12     | Found a staircase to the Orcish Mines.
 23158 | Orc:1    | Entered Level 1 of the Orcish Mines
 23689 | Orc:1    | Reached skill level 11 in Dodging
 23969 | Orc:2    | Entered Level 2 of the Orcish Mines
 24005 | Orc:2    | Noticed an orc warlord
 24027 | Orc:2    | Killed an orc warlord
 24372 | Orc:2    | Found Kudah's Antique Armour Emporium.
 24401 | Orc:2    | Bought a glowing helmet for 240 gold pieces
 24633 | Orc:2    | Found Padaoh's Jewellery Shoppe.
 25471 | Orc:2    | Found a staircase to the Elven Halls.
 25900 | Orc:2    | Noticed Sonja
 25901 | Orc:2    | Sonja changed into Sonja the hornet
 25901 | Orc:2    | Noticed Sonja
 25915 | Orc:2    | Killed Sonja the hornet
 26365 | Orc:2    | Noticed Donald
 26390 | Orc:2    | Killed Donald
 26673 | Orc:2    | Noticed an orc warlord
 26770 | Orc:2    | Killed an orc warlord
 26862 | Orc:2    | Noticed Maurice
 26863 | Orc:2    | Maurice changed into Maurice the naga
 26863 | Orc:2    | Noticed Maurice
 26870 | Orc:2    | Killed Maurice the naga
 26946 | Orc:2    | Found Ogudipus's Assorted Antiques.
 27175 | Orc:2    | Found Xurorghua's General Store.
 27822 | Orc:2    | Got the Meditations on Stormy Translocation
 27986 | D:13     | Noticed Josephine
 27999 | D:13     | Killed Josephine
 28000 | D:13     | Reached skill level 5 in Stealth
 28113 | D:13     | Found a gate leading to a gauntlet.
 28134 | Gauntlet | Entered a Gauntlet
 28134 | Gauntlet | Found a transporter.
 28134 | Gauntlet | Found a transporter.
 28134 | Gauntlet | Found a transporter.
 28167 | Gauntlet | Found a transporter.
 28170 | Gauntlet | Found a transporter.
 28178 | Gauntlet | Found a transporter.
 28181 | Gauntlet | Found a transporter.
 28189 | Gauntlet | Found a transporter.
 28205 | Gauntlet | Noticed a balrug
 28209 | Gauntlet | Found a transporter.
 28229 | Gauntlet | Found a transporter.
 28231 | Gauntlet | Found a transporter.
 28241 | Gauntlet | Found a transporter.
 28440 | Gauntlet | Killed a balrug
 28456 | Gauntlet | Identified the +0 pair of boots "Cagyunuf" {Harm Rampage
                  | rF++ Will- Slay-2}
 28471 | Gauntlet | Identified the staff of Fopsesa Myca {Dex+4 Conj Earth}
 28487 | Gauntlet | Got the Meditations on the Ashen Mirage
 29545 | D:14     | Reached skill level 1 in Maces & Flails
 29654 | D:14     | Noticed a fire giant
 29663 | D:14     | Identified the amulet of the Genius {Faith rElec Regen+
                  | Str+5 Dex-3}
 29701 | D:14     | Reached XP level 15. HP: 44/114 MP: 21/21
 29702 | D:14     | Gained mutation: You are vulnerable to heat. (rF-) [a
                  | shining eye]
 29788 | D:14     | Found Leruzug's Book Shoppe.
 30092 | D:14     | Identified the +2 great mace "Seotix" {freeze, MP+9}
 30094 | D:14     | Identified the ring of Equilibrium {MP+9 Slay+4}
 30154 | D:14     | Lost mutation: You are vulnerable to heat. (rF-) [potion of
                  | mutation]
 30154 | D:14     | Gained mutation: Your health recovers twice as slowly from
                  | being drained. [potion of mutation]
 30154 | D:14     | Gained mutation: You are partially covered in iridescent
                  | scales. (AC +2) [potion of mutation]
 30154 | D:14     | Gained mutation: Your natural rate of healing is unusually
                  | fast. [potion of mutation]
 30170 | D:14     | Killed a fire giant
 30171 | D:14     | Reached skill level 5 in Maces & Flails
 30285 | D:14     | Found Yhatuwn's Island Escapes.
 30293 | D:14     | Bought a potion of enlightenment for 65 gold pieces
 30293 | D:14     | Bought a scroll of teleportation for 39 gold pieces
 30293 | D:14     | Bought a potion of haste for 130 gold pieces
 30293 | D:14     | Bought a scroll of blinking for 97 gold pieces
 30293 | D:14     | Bought a scroll of blinking for 97 gold pieces
 30553 | D:14     | Found a gate to the Vaults.
 30917 | D:14     | Found Leruzug's Book Shoppe.
 31062 | D:11     | You paid a toll of +2 fire dragon scales to enter a
                  | treasure trove
 31063 | Trove    | Entered a treasure trove
 31068 | Trove    | Found the +7 great mace "Firestarter" {flame, immolate,
                  | rFlCloud rF++}
 31089 | Trove    | Identified the +0 scale mail "Gaxkuufa" {-Tele rF++ rN+
                  | Dex+3}
 31603 | D:14     | Found Yhatuwn's Island Escapes.
 31871 | D:14     | Found a gate to the Vaults.
 32053 | D:15     | Entered Level 15 of the Dungeon
 32496 | D:15     | Noticed Louise
 32509 | D:15     | Killed Louise
 32617 | D:15     | Found a staircase to the Depths.
 32723 | D:15     | Identified a scroll of acquirement
 32726 | D:15     | Acquired the +3 pair of gauntlets of War {Slay+5}
 32726 | D:15     | Found the +3 pair of gauntlets of War {Slay+5}
 32894 | Shoals:1 | Entered Level 1 of the Shoals
 33076 | Shoals:1 | Identified the staff "Asidodim" {rElec rN++ Dex-3 Air}
 33442 | Shoals:1 | Found Sodi's Distillery.
 33469 | Shoals:1 | Bought a potion of experience for 550 gold pieces
 33469 | Shoals:1 | Bought a potion of heal wounds for 55 gold pieces
 33469 | Shoals:1 | Bought a potion of haste for 110 gold pieces
 33469 | Shoals:1 | Bought a potion of haste for 110 gold pieces
 33469 | Shoals:1 | Bought a potion of curing for 33 gold pieces
 33469 | Shoals:1 | Bought a potion of might for 44 gold pieces
 33697 | Shoals:1 | Reached XP level 16. HP: 139/139 MP: 22/22
 33785 | Shoals:2 | Noticed Nikola
 34247 | Shoals:2 | Found Gecimasch's Weapon Emporium.
 34872 | Shoals:3 | Found a runed translucent gate.
 34872 | Shoals:3 | Found a runed translucent gate.
 34873 | Shoals:3 | Found a runed translucent gate.
 34966 | Shoals:3 | Found a glacial archway.
 35081 | Shoals:3 | Reached XP level 17. HP: 135/146 MP: 24/24
 35093 | Shoals:3 | Reached skill level 12 in Dodging
 35114 | IceCv    | Entered an ice cave
 35478 | IceCv    | Identified the +7 chain mail of Syis {Str+6}
 35540 | IceCv    | Noticed an Ice Fiend
 35695 | IceCv    | Killed an Ice Fiend
 35782 | IceCv    | Reached XP level 18. HP: 154/154 MP: 25/25
 35883 | IceCv    | Identified the +5 ice dragon scales "Hiuxzeit" {+Inv rElec
                  | rF- rC++ Str-2 Dex+3}
 36311 | Shoals:3 | Noticed Hicvu's ghost (adept DsGl)
 36560 | Shoals:4 | Entered Level 4 of the Shoals
 36749 | Shoals:4 | Noticed Polyphemus
 36758 | Shoals:4 | Killed Polyphemus
 37305 | Shoals:4 | Found the -2 hat of the Alchemist {rElec rPois rF+ rC+ rN+
                  | Will+ rMut rCorr}
 37356 | Shoals:4 | Got a barnacled rune of Zot
 37656 | Shoals:4 | Paralysed by an air elemental for 1 turns
 38024 | Elf:1    | Entered Level 1 of the Elven Halls
 38208 | Elf:1    | Got the Vellum of Blasting and Attendants
 38705 | Elf:1    | Identified the serpent talisman "Reupnaby" {rF+ Dex+4}
 38705 | Elf:1    | Noticed Aizul
 38710 | Elf:1    | Killed Aizul
 38772 | Elf:1    | Reached skill level 15 in Fighting
 39003 | Elf:2    | Noticed Norris
 39006 | Elf:2    | Reached XP level 19. HP: 170/170 MP: 26/26
 39009 | Elf:2    | Killed Norris
 39340 | Elf:2    | Reached skill level 10 in Shields
 39459 | Elf:2    | Found a runed translucent gate.
 39460 | Elf:2    | Found a runed translucent gate.
 39460 | Elf:2    | Found a runed translucent gate.
 39494 | Elf:3    | Entered Level 3 of the Elven Halls
 39523 | Elf:3    | Found Faynkoar's Assorted Antiques.
 39527 | Elf:3    | Found Keughu Pia's Book Boutique.
 39527 | Elf:3    | Found Oreytruw's Assorted Antiques.
 39543 | Elf:3    | Bought a scroll of blinking for 285 gold pieces
 39543 | Elf:3    | Bought a scroll of fear for 152 gold pieces
 39545 | Elf:3    | Bought a book of Battle for 544 gold pieces
 39549 | Elf:3    | Learned a level 3 spell: Fugue of the Fallen
 39592 | Elf:3    | Paralysed by an air elemental for 1 turns
 39596 | Elf:3    | Reached skill level 1 in Necromancy
 40591 | Elf:3    | Reached skill level 5 in Necromancy
 40734 | Elf:3    | Paralysed by an air elemental for 1 turns
 41047 | Elf:3    | Identified the +4 war axe of the Absolute Madman {flame,
                  | Str+3}
 41054 | Elf:3    | Got Qoylyps's Textbook on the Alpine Missiles
 41190 | Elf:3    | Identified the +6 chain mail of Objectivity {rF++}
 41192 | Elf:3    | Got Curunk's Exposition on Scintillating Haze
 41204 | Elf:3    | Identified the +1 crystal plate armour of Yredelemnul's
                  | Delight {Rampage Fly rF++ rC+ Int-2}
 41210 | Elf:3    | Got the Vellum of Power and the Serac
 41211 | Elf:3    | Identified the staff of the Pariah {Stlth+ Conj}
 41218 | Elf:3    | Identified the +3 war axe "Famorotu" {heavy, rC+ rN+}
 41223 | Elf:3    | Identified the +5 whip "Killer Bee's Bane" {freeze, rC++}
 41260 | Elf:3    | Identified the staff of Paqastil {rF- rC+ Str+6 Dex-2 Ice
                  | Alchemy}
 41265 | Elf:3    | Identified the +0 robe of Sicsuzill {+Blink Fly rElec
                  | Str-2}
 41570 | Depths:1 | Entered Level 1 of the Depths
 41570 | Depths:1 | Found Sutetok's Book Shop.
 41776 | Depths:1 | Reached XP level 20. HP: 119/179 MP: 24/27
 42035 | Depths:1 | Found Riyc's Book Shop.
 42035 | Depths:1 | Found Muodilecs's Jewellery Shoppe.
 42043 | Depths:1 | Bought the ring of Tender Moments {rC+ Will+ AC+4} for 778
                  | gold pieces
 42293 | Depths:1 | Found a gateway to Hell.
 42508 | Depths:1 | Reached skill level 13 in Dodging
 42553 | Depths:1 | Identified the +8 trident of Fymij {flame, rElec Str+4}
 42555 | Depths:1 | Identified the +8 chain mail of the World {Str+5 SInv}
 42902 | Depths:2 | Noticed a juggernaut
 42907 | Depths:2 | Noticed a juggernaut
 42931 | Depths:2 | Killed a juggernaut
 43289 | Vaults:1 | Entered Level 1 of the Vaults
 43909 | Vaults:1 | Identified the beast talisman of the Barracuda {rPois Will+
                  | Str-5 SInv}
 44110 | Vaults:1 | Reached skill level 14 in Dodging
 44392 | Vaults:1 | Found Plog's General Store.
 44395 | Vaults:1 | Bought a scroll of blinking for 105 gold pieces
 44395 | Vaults:1 | Bought a wand of iceblast (2) for 67 gold pieces
 44395 | Vaults:1 | Bought a wand of iceblast (3) for 100 gold pieces
 44814 | Vaults:2 | Found a transporter.
 44825 | Vaults:2 | Found a transporter.
 44905 | Vaults:2 | Identified the +10 plate armour of the Sparrow {rC+}
 44988 | Vaults:2 | Found a large runed translucent door.
 44988 | Vaults:2 | Found a large runed translucent door.
 44990 | Vaults:2 | Noticed Plog's ghost (veteran CoAr)
 45297 | Vaults:2 | Found a staircase to the Crypt.
 45364 | Vaults:2 | Reached XP level 21. HP: 188/188 MP: 28/28
 46019 | Vaults:3 | Reached skill level 15 in Dodging
 46028 | Vaults:3 | Reached skill level 15 in Shields
 46266 | Vaults:3 | Reached skill level 10 in Stealth
 47108 | Vaults:4 | Reached skill level 10 in Evocations
 47110 | Vaults:4 | Found Fuloug's Antique Weapon Emporium.
 47140 | Vaults:4 | Found a magical portal.
 47157 | WizLab   | Entered Iskenderun's Mystic Tower
 47619 | WizLab   | Got Iskenderun's Handbook of Conjuring
 47619 | WizLab   | Got Iskenderun's Disquisition on the Impact
 49009 | Depths:2 | Killed a juggernaut
 49058 | Depths:2 | Found a one-way gate leading to the halls of Pandemonium.
 49076 | Depths:2 | Reached skill level 16 in Dodging
 49379 | Depths:3 | Reached XP level 22. HP: 184/199 MP: 29/29
 49569 | Depths:3 | Noticed a juggernaut
 49607 | Depths:3 | Killed a juggernaut
 49624 | Depths:3 | Noticed a caustic shrike
 49629 | Depths:3 | Killed a caustic shrike
 49630 | Depths:3 | Reached skill level 17 in Dodging
 50334 | Depths:3 | Found the +8 frozen axe "Frostbite" {freeze, freezing
                  | cloud, *Noise Fly rC+}
 50377 | Depths:3 | Found a one-way gate to the infinite horrors of the Abyss.
 50689 | Depths:3 | Reached skill level 1 in Throwing
 50868 | Depths:4 | Entered Level 4 of the Depths
 50878 | Depths:4 | Noticed a caustic shrike
 50879 | Depths:4 | Noticed a caustic shrike
 50879 | Depths:4 | Noticed a caustic shrike
 50879 | Depths:4 | Noticed a caustic shrike
 50886 | Depths:4 | Killed a caustic shrike
 50894 | Depths:3 | Killed a caustic shrike
 50964 | Depths:3 | Killed a caustic shrike
 51240 | Depths:4 | Reached skill level 18 in Dodging
 51477 | Depths:4 | Killed a caustic shrike
 51497 | Depths:4 | Found a one-way gateway to a ziggurat.
 51903 | Depths:4 | Reached skill level 5 in Throwing
 52345 | Depths:4 | Found a gate to the Realm of Zot.
 52860 | Spider:1 | Entered Level 1 of the Spider Nest
 52949 | Spider:1 | Noticed Seadyr's ghost (adept MDFi)
 53083 | Spider:1 | Found a transporter.
 53108 | Spider:1 | Found a transporter.
 53211 | Spider:1 | Reached XP level 23. HP: 205/205 MP: 27/30
 53361 | Spider:1 | You are sucked into a shaft and drop 1 floor!
 53785 | Spider:2 | Reached skill level 5 in Armour
 54717 | Spider:3 | Noticed Agnes
 54721 | Spider:3 | Killed Agnes
 55728 | Spider:4 | Entered Level 4 of the Spider Nest
 55983 | Spider:4 | Noticed Bai Suzhen
 56000 | Spider:4 | Killed Bai Suzhen
 56075 | Spider:4 | Reached skill level 19 in Dodging
 56528 | Spider:4 | Identified the +0 hat of Agehit {rPois rF+}
 56543 | Spider:4 | Got a gossamer rune of Zot
 57723 | Vaults:4 | Found Fuloug's Antique Weapon Emporium.
 58295 | Vaults:5 | Entered Level 5 of the Vaults
 58554 | Vaults:5 | Reached skill level 10 in Throwing
 58639 | Vaults:5 | Reached XP level 24. HP: 210/211 MP: 30/30
 58756 | Vaults:5 | Identified the +5 dagger of Valuable Assets {antimagic, rN+
                  | Will+}
 58759 | Vaults:5 | Identified the ring of the Caustic God {*Slow rPois Str+5
                  | Dex+6}
 58928 | Vaults:5 | Got a silver rune of Zot
 59073 | Vaults:5 | Identified the +11 mace of Wikk {drain, ^Drain rC+ rN++
                  | Str-2}
 59123 | Vaults:5 | Identified the ring "Qotaukio" {Fly Dex+4}
 59124 | Vaults:5 | Found the +3 warlock's mirror {omnireflect}
 59126 | Vaults:5 | Found the +3 hat of Pondering {ponderous, Will+ MP+10
                  | Int+5}
 59279 | Vaults:5 | Identified the +4 demon whip of Righteous Anger {drain,
                  | Str+3}
 59600 | Vaults:5 | Identified the +4 war axe of Grandeur {chaos, rPois rN+
                  | SInv}
 59654 | Vaults:5 | Identified the +2 battleaxe of Yredelemnul's Respect
                  | {heavy, Str+5 Stlth+}
 59656 | Vaults:5 | Identified the ring of Uppej {Fire Will- Str-4 Dex+8 SInv}
 59692 | Vaults:5 | Got the Writings on Orogeny
 60052 | Zot:1    | Entered Level 1 of the Realm of Zot
 60093 | Zot:1    | Found a transporter.
 60216 | Zot:1    | Reached skill level 5 in Earth Magic
 60485 | Zot:1    | Found a transporter.
 60502 | Zot:1    | Reached skill level 20 in Dodging
 60529 | Zot:1    | Noticed an orb of fire
 60535 | Zot:1    | Found a transporter.
 60583 | Zot:1    | Identified the +5 ring mail "Agonil" {Harm Regen+ Str-2
                  | Stlth+}
 60706 | Zot:1    | Noticed an orb of fire
 60714 | Zot:1    | Killed an orb of fire
 60748 | Zot:1    | Reached skill level 15 in Shapeshifting
 60770 | Zot:1    | Noticed an orb of fire
 60783 | Zot:1    | Noticed a dread lich
 61083 | Zot:2    | Noticed a Killer Klown
 61166 | Zot:2    | Killed a Killer Klown
 61309 | Zot:2    | Noticed an orb of fire
 61578 | Zot:3    | Noticed an orb of fire
 61594 | Zot:3    | Killed an orb of fire
 61654 | Zot:3    | Identified the +4 whip "Demonbane" {drain, Dex+2}
 61655 | Zot:3    | Got Sif Muna's Catalogue of The Black Sun
 62095 | Zot:3    | Identified the +0 cloak of the Hippogriff {rC+ Str+3 Dex+2}
 62875 | Zot:2    | Noticed an orb of fire
 62884 | Zot:2    | Killed an orb of fire
 62949 | Zot:2    | Killed an orb of fire
 63367 | Zot:4    | Reached XP level 25. HP: 217/224 MP: 30/31
 64224 | Zot:5    | Entered Level 5 of the Realm of Zot
 64253 | Zot:4    | Identified the orb "Fewiti" {*Rage, -Tele Will+ Regen+
                  | Str+3}
 64653 | Zot:5    | Found Lutwe's Changing Room.
 64915 | Zot:5    | Noticed an ancient lich
 64924 | Zot:5    | Noticed a dread lich
 64925 | Zot:5    | Reached skill level 10 in Necromancy
 65244 | Zot:5    | Noticed an orb of fire
 65249 | Zot:5    | Gained mutation: You are vulnerable to heat. (rF-) [an orb
                  | of fire]
 65253 | Zot:5    | Killed an orb of fire
 65320 | Zot:5    | Killed an ancient lich
 65380 | Zot:5    | Killed a dread lich
 65857 | Zot:5    | Got the Orb of Zot
 65862 | Zot:5    | Noticed Xacsiq the pandemonium lord
 65872 | Zot:5    | HP: 8/223 [Xacsiq the pandemonium lord (43)]
 65872 | Zot:5    | HP: 3/223 [Xacsiq the pandemonium lord (5)]
 65874 | Zot:5    | Demolished by Xacsiq the pandemonium lord

Illustrated notes

Levels and vault maps discovered:
D:1:      roderic_crop_circles_arrival_small, layout_basic, serial_shops,
          nicolae_shop_rolled_up, minmay_statues_item,
          chequers_decorated_corner, kennysheep_decorative_pillar,
          minmay_worlds_worst_comb
D:2:      cheibrodos_greedy_goblins, layout_basic, serial_curves,
          eino_curves_01, eino_curves_02, eino_curves_02, basic_altar
D:3:      layout_basic, uniq_terence, uniq_grinder
D:4:      layout_cave_pools, kennysheep_slug_shrine, led_xom_imps,
          minmay_misc_feat_four_crosses, chequers_mini_garden,
          uniq_crazy_yiuf_cottage, uniq_menkaure, uniq_pikel, uniq_duvessa
D:5:      layout_rooms, vehumet_altar_wand_db, fedhas_altar_4
D:6:      layout_cave_pools, mainiacjoe_overflow_surrounded_room,
          ashenzari_conservatory_becter, minmay_temple_entry_fiery,
          item_on_display_a
D:7:      layout_cave_pools, pdpol_temple_overflow_zin_treasury_gozag_greed,
          minivault_5, minmay_three_doors, uniq_prince_ribbit1
D:8:      layout_loops_ring, grunt_qazlal_sundering, hellmonk_lair_entry_icy,
          gammafunk_ghost_gnarly_gnolls
D:9:      layout_rooms, chequers_serial_rivers_room_a, dreamdust_gnoll_shepherd
D:10:     layout_roguey, ebering_ghost_xom, uniq_fannar
D:11:     layout_irregular_city, nicolae_trove_entry_crossroad,
          nzn_life_drinkers
D:12:     layout_roguey, zombieorc2_lemuel, serial_rivers,
          chequers_serial_rivers_large_b, chequers_serial_rivers_large_a,
          chequers_serial_rivers_micro_c, chequers_serial_rivers_micro_d,
          chequers_serial_rivers_room_b, chequers_serial_rivers_room_a,
          uniq_urug
D:13:     layout_basic, gauntlet_entry_generic, hangedman_decor_riveting,
          bloody_makhleb, uniq_josephine
D:14:     minmay_complete_graph, layout_basic, hellmonk_vaults_keyhole,
          serial_shops, nicolae_shop_window_shopping, nicolae_island_escapes
D:15:     grunt_enter_depths_hoard, layout_basic, uniq_louise
Temple:   nicolae_temple_figure_eight
Lair:1:   layout_cellular_growth, ebering_ghost_reflecting_pool, pond,
          lemuel_fruit_tree
Lair:2:   layout_cave_pods, minmay_shoals_entry_beasts,
          grunt_forest_small_clearings, hibernation_bobbens
Lair:3:   layout_cellular_growth, spider_nest_entry_webs, grunt_megastairs_5
Lair:4:   layout_regular_city, slime_entry_1, cheibrodos_lair_lostbears
Lair:5:   wormcave, layout_layer_cave, hangedman_lair_caniforms_friends,
          enter_volcano_1
Shoals:1: layout_shoals, serial_shops, shop
Shoals:2: layout_shoals, serial_shops, shop, nicolae_shoals_nautilus_by_nature,
          nicolae_shoals_undead_eyrie, uniq_nikola
Shoals:3: layout_shoals, portal_ice_cave_entry_ice_simulacra,
          gammafunk_ghost_tricky_traps
Shoals:4: shoals_end_hellmonk_storm_palace [storm_palace_center_ruins,
          storm_palace_corner_reverse_hut, storm_palace_corner_narrow,
          storm_palace_corner_narrow, storm_palace_corner_altar],
          uniq_polyphemus
Spider:1: layout_cave_pods, gammafunk_ghost_arena
Spider:2: layout_cave_pods, nicolae_spider_shape
Spider:3: layout_spider_delve, uniq_agnes
Spider:4: floodkiller_spider_rune_tomb, uniq_bai_suzhen
Orc:1:    layout_caves, basic_altar, david_defended_altar_orc
Orc:2:    pubby_orc_utopia, uniq_maurice, uniq_sonja, uniq_donald
Elf:1:    eino_elf_arrival_the_gate, layout_geoelf_diagonals, evilmike_minifort,
          grunt_ministairs_6, minmay_elf_sorcery, uniq_aizul
Elf:2:    nicolae_elf_blades_crystal_corner, layout_rooms, uniq_saint_roka,
          uniq_norris
Elf:3:    minmay_elf_hall, layout_rooms, onia_ninara_cookie, minmay_shop_star
Vaults:1: nicolae_vaults_specimen_jars, vaults_room_grunt_arrival_ludios,
          nicolae_vaults_shipping_containers_5, vaults_mumra_minichess,
          v_pattern_2, v_misc_26, nicolae_vaults_network_square,
          nicolae_vaults_tetromino_T_1, nicolae_vaults_apartment_1,
          layout_vaults_omnigrid, serial_shops, shop
Vaults:2: ebering_ghost_disaster_area, ontoclasm_vaults_shuriken,
          minmay_crypt_entry_vampire_xt, v_misc_17, ontoclasm_vaults_fault,
          v_misc_27, nicolae_vaults_swerve, hangedman_vaults_restitches,
          vaults_room_pools, gammafunk_sealed_arena, ontoclasm_vaults_gateway,
          hangedman_vaults_stretched_pinwheel, nicolae_vaults_sesquioval_fish,
          nicolae_vaults_closet_pinwheel_2, layout_vaults_omnibox
Vaults:3: nicolae_vaults_tetromino_L_2, dpeg_vaults_monster_row, v_pattern_5,
          nicolae_vaults_closet_pinwheel_6, nicolae_vaults_little_squares_2,
          lemuel_angel_altar, nicolae_vaults_door_testing_chamber,
          vaults_standard_mumra_lines, v_rooms_5, ontoclasm_vaults_ring_small,
          nicolae_vaults_tangram_2, nicolae_vaults_little_squares_2,
          nicolae_vaults_apartment_1, grunt_vaults_diagonal, v_misc_14,
          layout_vaults_maze
Vaults:4: mu_enter_wizlab_5, nicolae_vaults_closet_pinwheel_3,
          nicolae_vaults_tetromino_Z_2, hangedman_vaults_cutoff,
          nicolae_vaults_little_ls, vaults_dpeg_diagonal,
          layout_vaults_big_room, serial_shops, shop
Vaults:5
Depths:1: minmay_haunted_quarter, layout_cave_shapes, serial_sigils,
          serial_sigils_hangedman_carve, serial_sigils_hangedman_gnaw,
          serial_sigils_hangedman_quiver, serial_sigils_hangedman_quiver,
          serial_sigils_hangedman_snap, serial_sigils_hangedman_stare,
          pf_hell_entry_tar_spiral, drop_trap, minmay_shop_grove,
          serial_bayou_shore_b, serial_bayou_shore_b
Depths:2: minmay_containers, layout_cave_shapes, pan_entry,
          nicolae_dithmenos_the_darkroom, grunt_metal_band
Depths:3: angbandy_vault, layout_gridlike, pf_coc_iceberg, abyss_entry_crystal,
          serial_aquarium, aquarium_bridge_square [aquarium_subvault_wall,
          aquarium_subvault_bridge, aquarium_subvault_bridge,
          aquarium_subvault_bridge], aquarium_window_1, aquarium_window_double,
          aquarium_view_2a, aquarium_balcony_1a, aquarium_pool_S,
          roderic_filled_cross
Depths:4: grunt_zot_entry_gee_three, layout_basic, enter_ziggurat_d,
          grunt_hell_entry_dis_grunt, minmay_misc_feat_columns
Zot:1:    gammafunk_sealed_library, layout_concentric_octagons,
          nicolae_diode_stairs, uniq_josephina
Zot:2:    layout_cathedral_of_symmetry
Zot:3:    dreamdust_black_sun_cult, layout_basic,
          regret_index_zotdec_stipple_waver
Zot:4:    evilmike_crystal_ball_defense, layout_gridlike
Zot:5:    layout_basic, nicolae_transmutations_shop

Skill      XL: |  1  2  3  4  5  6  7  8  9 10 11 12 13 14 15 16 17 18 19 20 21 22 23 24 25 |
---------------+----------------------------------------------------------------------------+-----
Hexes          | 2 3 6 7 |  7.0
Fighting       | 1 2 3 6 8 10 12 15 16 17 18 | 18.0
Short Blades   | 1 3 4 5 7 9 10 12 14 | 14.0
Shapeshifting  | 1 3 4 7 10 11 12 13 14 15 18 | 18.0
Dodging        | 3 5 8 10 11 12 14 16 18 19 20 | 20.0
Shields        | 1 4 5 8 12 14 15 | 15.0
Translocations | 3 |  3.0
Earth Magic    | 3 6 7 |  7.0
Spellcasting   | 2 4 |  4.0
Evocations     | 6 7 9 11 12 14 | 14.0
Stealth        | 5 8 10 11 12 | 12.0
Maces & Flails | 2 6 |  6.1
Necromancy     | 6 7 10 | 10.0
Throwing       | 6 10 | 10.6
Armour         | 4 5 |  5.5

Action                     |  1- 3 |  4- 6 |  7- 9 | 10-12 | 13-15 | 16-18 | 19-21 | 22-24 | 25-27 || total
---------------------------+-------+-------+-------+-------+-------+-------+-------+-------+-------++-------
  Melee: Dagger            |   292 |    22 |   129 |       |       |       |       |       |       ||   443
         Short sword       |     9 |   323 |   602 |   970 |  2092 |       |       |       |       ||  3996
         Maw               |       |       |       |   413 |  1086 |   406 |  1082 |  1456 |   255 ||  4698
         Quick blade       |       |       |       |       |   190 |   846 |  2179 |  2786 |   497 ||  6498
  Throw: Dart              |       |     1 |     5 |     4 |     3 |     2 |     1 |     1 |     1 ||    18
         Throwing net      |       |       |       |       |     1 |       |       |       |       ||     1
   Cast: Slow              |     5 |    19 |    22 |     9 |       |       |       |       |       ||    55
         Tukima's Dance    |       |       |       |     6 |       |       |       |       |       ||     6
         Jinxbite          |       |       |       |    33 |    58 |     1 |       |       |       ||    92
         Fugue of the Fall |       |       |       |       |       |       |    32 |    40 |     6 ||    78
         Passwall          |       |       |       |       |       |       |       |     1 |     3 ||     4
  Evoke: Lightning rod     |     1 |    10 |    10 |    11 |     9 |       |     6 |     3 |       ||    50
         Wand              |       |     4 |       |       |     4 |     5 |     1 |     5 |       ||    19
         Phantom mirror    |       |       |       |       |     1 |       |       |       |     1 ||     2
         Sack of spiders   |       |       |       |       |       |       |       |     3 |     1 ||     4
         Tin of tremorston |       |       |       |       |       |       |       |     3 |       ||     3
    Use: Potion            |     1 |       |       |       |     6 |     2 |       |     5 |     4 ||    18
         Scroll            |       |     3 |     9 |     4 |    20 |     3 |     4 |    10 |     2 ||    55
   Stab: Confused          |       |     1 |     1 |       |       |       |       |     2 |     1 ||     5
         Distracted        |       |     1 |     1 |       |     8 |    34 |    51 |    94 |    16 ||   205
         Sleeping          |       |       |       |     3 |    23 |    15 |    41 |    36 |     4 ||   122
         Invisible         |       |       |       |       |     2 |       |     2 |     1 |       ||     5
         Held in net/web   |       |       |       |       |     1 |       |       |     3 |     2 ||     6
 Armour: Scale mail        |   191 |   224 |   320 |       |       |       |       |       |       ||   735
         Skin              |       |     5 |       |   247 |   624 |   183 |   462 |   429 |   132 ||  2082
         Steam dragon scal |       |       |     9 |    57 |       |       |       |       |       ||    66
  Dodge: Dodged            |    87 |   128 |   184 |   297 |   942 |   193 |   552 |   752 |   108 ||  3243
  Block: Other             |    31 |    67 |   109 |    38 |       |       |       |       |       ||   245
         Reflection        |     1 |     5 |     4 |     7 |     8 |     2 |    55 |    37 |     3 ||   122
         Buckler           |       |       |       |   220 |   796 |    65 |       |       |       ||  1081
         Kite shield       |       |       |       |       |       |     9 |   559 |   799 |   101 ||  1468
   Form: Maw               |       |       |     1 |     1 |     1 |       |       |       |       ||     3
                           |       |       |     1 |       |       |       |       |       |       ||     1

Table legend: (Time is in decaauts)
 A = Elapsed time spent in this place.
 B = Non-inter-level travel time spent in this place.
 C = Inter-level travel time spent in this place.
 D = Time resting spent in this place.
 E = Time spent auto-exploring this place.
 F = Levels seen in this place.
 G = Mean time per level.
                   A        B        C        D        E       F      G
               +--------+--------+--------+--------+--------+-----+--------+
         Total |  62589 |  56229 |   6360 |   8854 |  33015 |  53 | 1180.9 |
       Dungeon |  19889 |  17363 |   2526 |   3415 |   9531 |  15 | 1325.9 |
        Temple |      1 |      1 |      0 |      0 |      0 |   1 |    1.0 |
          Lair |   7531 |   6463 |   1068 |    466 |   4337 |   5 | 1506.2 |
        Shoals |   3767 |   3563 |    204 |    402 |   2068 |   4 |  941.8 |
   Spider Nest |   3385 |   2903 |    482 |      0 |   2206 |   4 |  846.2 |
  Orcish Mines |   4304 |   4053 |    251 |   1453 |   1674 |   2 | 2152.0 |
   Elven Halls |   3294 |   3147 |    147 |    813 |   1565 |   3 | 1098.0 |
        Vaults |   6905 |   6178 |    727 |     31 |   4620 |   5 | 1381.0 |
        Depths |   5362 |   4730 |    632 |    464 |   3143 |   4 | 1340.5 |
           Zot |   5538 |   5219 |    319 |   1226 |   2805 |   5 | 1107.6 |
         Trove |     53 |     53 |      0 |      0 |      6 |   1 |   53.0 |
      Ice Cave |    922 |    922 |      0 |    215 |    368 |   1 |  922.0 |
       Volcano |    589 |    589 |      0 |    273 |     31 |   1 |  589.0 |
        Wizlab |    644 |    644 |      0 |     26 |    442 |   1 |  644.0 |
      Gauntlet |    400 |    400 |      0 |     68 |    218 |   1 |  400.0 |
               +--------+--------+--------+--------+--------+-----+--------+

Top non-repeatable levels by time:
   Orc:2: 3803 daAuts
  Lair:5: 2326 daAuts
    D:12: 2292 daAuts
    D:14: 2129 daAuts
Vaults:4: 1812 daAuts
Depths:3: 1733 daAuts
     D:3: 1727 daAuts
     D:8: 1607 daAuts
     D:4: 1557 daAuts
    D:11: 1557 daAuts
  Lair:3: 1556 daAuts
Depths:4: 1488 daAuts
  Lair:2: 1465 daAuts
Vaults:1: 1408 daAuts
     D:2: 1386 daAuts
